 Dungeon Crawl Stone Soup version 0.24-a0-201-gf205589 (webtiles) character file.

Game seed: 11981801375880802573

2625 pmoppi the Tainter (level 9, 0/84 HPs)
             Began as a Naga Venom Mage on Mar 19, 2019.
             Was an Elder of Cheibriados.
             Slain by a wight
             ... wielding a cursed +3 flail
              (2 damage)
             ... on level 7 of the Dungeon.
             The game lasted 00:16:24 (6708 turns).

pmoppi the Tainter (Naga Venom Mage)                Turns: 6708, Time: 00:16:24

Health: 0/84       AC:  5    Str: 19    XL:     9   Next: 60%
Magic:  16/16      EV: 11    Int: 29    God:    Cheibriados [****..]
Gold:   422        SH:  0    Dex: 20    Spells: 5/18 levels left

rFire    . . .     SeeInvis +   b - +4 flail (holy)
rCold    . . .     Gourm    .   (no shield)
rNeg     . . .     Faith    .   n - +0 robe
rPois    +         Spirit   .   (no helmet)
rElec    .         Reflect  .   s - +0 cloak
rCorr    .         Harm     .   (no gloves)
MR       +....                  (no barding)
Stlth    ++........             (no amulet)
HPRegen  0.24/turn              (no ring)
MPRegen  0.15/turn              x - ring of wizardry

@: heavily drained, very slow
A: large, see invisible, deformed body, poison resistance, slowness 2, slow
metabolism 1, spit poison 1, AC +3
a: Spit Poison, Bend Time, Temporal Distortion, Slouch, Renounce Religion


You were on level 7 of the Dungeon.
You worshipped Cheibriados.
Cheibriados was greatly pleased with you.
You were not hungry.

You visited 2 branches of the dungeon, and saw 8 of its levels.
You also visited: Ossuary.

You collected 422 gold pieces.

Inventory:

Hand Weapons
 a - a +1 long sword
 b - a +4 flail of holy wrath (weapon)
 i - a +0 dagger
Armour
 n - a +0 robe (worn)
 s - a +0 cloak (worn)
Jewellery
 x - a ring of wizardry (right hand)
Wands
 u - a wand of paralysis (5)
 y - a wand of acid (7)
 B - a wand of digging (6)
Scrolls
 g - 2 scrolls of fog
 l - 5 scrolls of enchant weapon
 r - a scroll of magic mapping
 v - 2 scrolls of remove curse
 z - 2 scrolls of identify
 A - a scroll of noise
 C - 2 scrolls of amnesia
Potions
 d - 2 potions of ambrosia
 e - a potion of brilliance
 f - a potion of flight {unknown}
 h - 3 potions of resistance {unknown}
 j - a potion of berserk rage {unknown}
 k - 5 potions of lignification {unknown}
 m - 2 potions of agility
 o - 2 potions of might {unknown}
 q - 3 potions of curing
 t - 2 potions of mutation
 w - 4 potions of heal wounds {unknown}
Comestibles
 c - 7 rations


   Skills:
 + Level 6.3(4.0) Fighting
 + Level 4.3(2.1) Dodging
 - Level 3.0(0.8) Stealth
 - Level 5.0(2.7) Spellcasting
 - Level 1.0(0.0) Conjurations
 + Level 4.0(1.8) Necromancy
 - Level 2.0(0.0) Air Magic
 - Level 8.0(5.5) Poison Magic
 + Level 4.4(2.2) Invocations


You had 5 spell levels left.
You knew the following spells:

 Your Spells              Type           Power        Failure   Level  Hunger
a - Poisonous Vapours     Pois/Air       ###...       1%          2    ##.....
b - Olgreb's Toxic Radia  Pois           #####...     3%          4    ####...
c - Mephitic Cloud        Conj/Pois/Air  ##......     4%          3    ###....
d - Vampiric Draining     Necr           ##........   4%          3    ###....
e - Sting                 Conj/Pois      ###.         1%          1    None

Your spell library contained the following spells:

 Spells                   Type           Power        Failure   Level  Hunger
 Animate Skeleton         Necr           N/A          1%          1    None
 Pain                     Necr           ##..         1%          1    None
 Regeneration             Chrm/Necr      #.........   6%          3    ###....
 Animate Dead             Necr           N/A          16%         4    ####...
 Venom Bolt               Conj/Pois      ###.......   26%         5    ######.


Dungeon Overview and Level Annotations

Branches:
Dungeon (7/15)             Temple (1/1) D:5

Altars:
Ashenzari
Cheibriados
Dithmenos
Elyvilon
Fedhas
Hepliaklqana
Nemelex Xobeh
Ru
Sif Muna
Trog
Uskayaw
Vehumet
Wu Jian
Yredelemnul
The Shining One


Innate Abilities, Weirdness & Mutations

You cannot wear boots.
Your serpentine skin is tough. (AC +3)
You have supernaturally acute eyesight. (SInv)
Armour fits poorly on your strangely shaped body.
Your system is resistant to poisons. (rPois)
You cover ground very slowly.
You have a slow metabolism.
You can spit poison.


Message History

Unknown command.
Okay, then.
Okay, then.
Okay, then.
Press: ? - help, v - describe, . - travel, g - get item
Here: a wight, wielding a +3 flail and wearing a +0 robe (heavily damaged)
A stone.
There is something else lying underneath.
The floor, spattered with blood.
Unknown command.
Okay, then.
You closely miss the wight.
The wight is heavily damaged.
The wight closely misses you.
You barely miss the wight.
The wight is heavily damaged.
The wight hits you with a cursed +3 flail.
* * * LOW HITPOINT WARNING * * *
You feel drained.
You die...

,,,,,,********,**,,,*
,,,,,,,,,,,,,*,**...*
,,,,,,,........##..,*
****,*,.......)....,*
****,#.........#..,,*
*,,,,#.........#..,,*
,,***#.........#.#***
,** *.........#.# **
####........#@#
####8#.........#z#
#..##.(........(z#
.....#.........###
#...............#
.)..#...........#
...####.......#.#
##.#8###.....##.#
.....#...###....#


You could see 2 wights.

Vanquished Creatures
  Grinder (D:6)
  Sigmund (D:2)
  Eustachio (D:6)
  Edmund (D:4)
  A phantom (D:5)
  5 ogres
  3 centaurs
  An elf zombie (Ossuary)
  3 bullfrogs
  2 scorpions (D:6)
  3 wights (D:7)
  3 centaur zombies
  3 jellies
  2 bullfrog skeletons
  An orc priest (D:3)
  3 hounds
  3 orc wizards
  A human zombie (Ossuary)
  An iguana (D:5)
  3 worker ants
  A big kobold zombie (Ossuary)
  A hound zombie (D:6)
  2 mummies (Ossuary)
  9 adders
  2 shadow imps (D:5)
  2 adder zombies (Ossuary)
  2 worms
  2 dart slugs
  6 leopard geckos
  9 orcs
  7 giant cockroaches
  4 goblins
  3 hobgoblins
  7 kobolds
  3 quokkas
  2 ball pythons
  7 bats
  2 frilled lizards
  5 hobgoblin zombies (Ossuary)
  3 jackal zombies
  7 kobold zombies (Ossuary)
  A leopard gecko skeleton (D:5)
  A leopard gecko zombie (D:5)
  13 orc zombies (Ossuary)
  A quokka zombie (D:6)
  2 rats (D:3)
  3 rat zombies (Ossuary)
149 creatures vanquished.

Vanquished Creatures (others)
  A wizard (D:6)
1 creature vanquished.

Grand Total: 150 creatures vanquished

Notes
Turn   | Place    | Note
-------+----------+-------------------------------------------
     0 | D:1      | pmoppi the Naga Venom Mage began the quest for the Orb.
     0 | D:1      | Reached XP level 1. HP: 15/15 MP: 3/3
   505 | D:1      | Reached XP level 2. HP: 21/24 MP: 1/5
   534 | D:1      | Learned a level 2 spell: Poisonous Vapours
  1019 | D:2      | Noticed Sigmund
  1032 | D:2      | Killed Sigmund
  1032 | D:2      | Reached skill level 6 in Poison Magic
  1032 | D:2      | Reached XP level 3. HP: 15/32 MP: 1/7
  1032 | D:2      | Reached XP level 4. HP: 18/39 MP: 1/8
  1032 | D:2      | Reached XP level 5. HP: 21/45 MP: 1/9
  1295 | D:2      | Found a blossoming altar of Fedhas.
  1710 | D:2      | Found a glowing golden altar of the Shining One.
  1915 | D:3      | Learned a level 4 spell: Olgreb's Toxic Radiance
  2010 | D:3      | Reached XP level 6. HP: 55/55 MP: 3/10
  2314 | D:3      | Reached skill level 7 in Poison Magic
  2678 | D:4      | Learned a level 3 spell: Mephitic Cloud
  2853 | D:4      | Reached skill level 8 in Poison Magic
  2853 | D:4      | Reached XP level 7. HP: 49/62 MP: 1/12
  2948 | D:4      | Noticed Edmund
  2962 | D:4      | Killed Edmund
  3749 | D:4      | Found a hide-covered altar of Uskayaw.
  3806 | D:5      | Entered Level 5 of the Dungeon
  3838 | D:5      | Found a staircase to the Ecumenical Temple.
  3845 | Temple   | Entered the Ecumenical Temple
  4052 | Temple   | Became a worshipper of Cheibriados the Contemplative
  4087 | D:5      | Reached skill level 1 in Air Magic
  4285 | D:5      | Reached XP level 8. HP: 73/73 MP: 9/14
  4688 | D:5      | Learned a level 3 spell: Vampiric Draining
  4781 | D:5      | Found a sacrificial altar of Ru.
  4835 | D:5      | Reached * piety under Cheibriados
  5005 | D:5      | Reached skill level 5 in Spellcasting
  5005 | D:5      | Reached skill level 1 in Invocations
  5010 | D:5      | Reached skill level 1 in Necromancy
  5259 | D:6      | Noticed Eustachio
  5266 | D:6      | Killed Eustachio
  5266 | D:6      | Reached skill level 5 in Fighting
  5285 | D:6      | Noticed Grinder
  5309 | D:6      | Killed Grinder
  5309 | D:6      | Reached XP level 9. HP: 55/81 MP: 4/16
  5433 | D:6      | Found a bloodstained altar of Trog.
  5436 | D:6      | Noticed a wizard
  5440 | D:6      | Killed a wizard
  5534 | D:6      | Found an ornate altar of the Wu Jian Council.
  5611 | D:6      | Reached ** piety under Cheibriados
  6113 | D:7      | Found a sand-covered staircase.
  6119 | Ossuary  | Entered an ossuary
  6192 | Ossuary  | Reached *** piety under Cheibriados
  6465 | D:7      | Reached **** piety under Cheibriados
  6708 | D:7      | HP: 2/84 [wight/cursed +3 flail (6)]
  6708 | D:7      | Slain by a wight

Levels and vault maps discovered:
D:1:      co_arrival_random_square_maze, layout_loops_ring, minmay_pentomino_q2
D:2:      layout_rooms, tso_altar, old_standard_altar, first_ration,
          uniq_sigmund
D:3:      layout_loops_ring
D:4:      layout_layer_cave, kennysheep_little_box, serial_glass,
          glass_columns_b, glass_columns_b, uniq_edmund
D:5:      cheibrodos_quashed, layout_loops_cross,
          nicolae_ru_great_annihilating_truth, minmay_temple_entry_waves
D:6:      layout_basic, lemuel_doored_altar, trog_wizard, uniq_eustachio,
          uniq_grinder
D:7:      layout_rooms, lightli_ossuary_entry_decrepit_ruins
Temple:   jpeg_temple_island
Ossuary:  ossuary_tomb_1

Skill      XL: |  1  2  3  4  5  6  7  8  9 |
---------------+----------------------------+-----
Fighting       | 2 3 4 5 6 |  6.3
Spellcasting   | 3 4 5 |  5.0
Poison Magic   | 6 8 |  8.0
Dodging        | 2 3 4 |  4.3
Air Magic      | 1 2 |  2.0
Invocations    | 2 4 |  4.4
Necromancy     | 2 4 |  4.0
Stealth        | |  3.0
Conjurations   | |  1.0

Action                   |  1- 3 |  4- 6 |  7- 9 || total
-------------------------+-------+-------+-------++-------
Melee: Unarmed           |    14 |       |       ||    14
       Dagger            |     8 |     6 |       ||    14
       Long sword        |       |    28 |    44 ||    72
       Flail             |       |       |   150 ||   150
 Cast: Sting             |    12 |     3 |       ||    15
       Poisonous Vapours |     9 |    40 |    72 ||   121
       Olgreb's Toxic Ra |       |     2 |    10 ||    12
 Abil: Spit Poison       |     3 |     1 |     1 ||     5
  Use: Scroll            |       |       |    16 ||    16
 Stab: Sleeping          |       |       |     6 ||     6
  Eat: Chunk             |     1 |     6 |    12 ||    19
Armor: Robe              |     5 |    11 |    42 ||    58
Dodge: Dodged            |    24 |    23 |   128 ||   175
       Rpst.: Long sword |       |    10 |    19 ||    29

Table legend:
 A = Non-vault XP
 B = Vault XP
 C = Vault XP percentage of total XP
 D = Non-vault monster count
 E = Vault monster count
 F = Vault count percentage of total count
                 A         B        C        D         E       F
            +---------+---------+-------+---------+---------+-------
      Total |    2561 |    1189 |  31.7 |     100 |      49 |  32.9
            +---------+---------+-------+---------+---------+-------
        D:1 |      11 |       3 |  21.4 |       7 |       2 |  22.2
        D:2 |      79 |     208 |  72.5 |      16 |       1 |   5.9
        D:3 |     113 |       0 |   0.0 |      19 |       0 |   0.0
        D:4 |     370 |     158 |  29.9 |      11 |       1 |   8.3
        D:5 |     698 |      44 |   5.9 |      20 |       4 |  16.7
        D:6 |     835 |     453 |  35.2 |      20 |       2 |   9.1
        D:7 |     455 |       0 |   0.0 |       7 |       0 |   0.0
    Ossuary |       0 |     323 | 100.0 |       0 |      39 | 100.0
            +---------+---------+-------+---------+---------+-------
